 Dungeon Crawl Stone Soup version 0.30-a0-1075-gcd70e7a56d (webtiles) character file.

Game seed: 11938711491599484390

315 Lobster4 the Shooter (level 6, 0/52 HPs)
             Began as a Minotaur Hunter on Apr 14, 2023.
             Slain by a mummy (13 damage)
             ... in an ossuary.
             The game lasted 00:06:27 (3175 turns).

Lobster4 the Shooter (Minotaur Hunter)              Turns: 3175, Time: 00:06:28

Health: 0/52       AC:  9    Str: 12 (15) XL:     6   Next: 20%
Magic:  5/5        EV: 10    Int:  4 (6)  God:
Gold:   185        SH:  0    Dex: 15 (16) Spells: 5/5 levels left

rFire   . . .      SeeInvis .    a - +0 shortbow
rCold   + . .      Faith    .    (shield currently unavailable)
rNeg    . . .      Spirit   .    j - +1 scale mail {rC+}
rPois   +          Reflect  .    (helmet restricted)
rElec   .          Rampage  .    d - +0 cloak
rCorr   .                        (no gloves)
Will    .....                    (no boots) Stlth
                                 (no amulet)
HPRegen 0.28/turn                t - ring of poison resistance
MPRegen 0.09/turn                (no ring)

@: brilliant, about to teleport, weak-willed, flying
A: horns 2, retaliatory headbutt
a: no special abilities


You were in an ossuary.
You visited 1 branch of the dungeon, and saw 4 of its levels.
You also visited: Ossuary.

You collected 185 gold pieces.

Inventory:

Hand Weapons
 a - a +0 shortbow (weapon)
 b - a +2 dagger of draining
 e - a +0 short sword
 n - a +1 antimagic quarterstaff
 w - a +0 sling
Missiles
 o - 5 poisoned darts
 v - a silver boomerang
Armour
 c - a +0 leather armour
 d - a +0 cloak (worn)
 i - a +2 robe of fire resistance
 j - a +1 scale mail of cold resistance (worn)
 l - a scarf of invisibility
Jewellery
 t - a ring of poison resistance (left hand)
Scrolls
 h - a scroll of identify
 k - 3 scrolls of immolation
 s - 2 scrolls of fog
 u - a scroll of noise
Potions
 g - 2 potions of degeneration
 m - a potion of flight


   Skills:
 + Level 4.2 Fighting
 - Level 2.0 Short Blades
 + Level 5.4 Ranged Weapons
 + Level 3.2 Armour
 + Level 3.8 Dodging
 - Level 1.0 Stealth


You had 5 spell levels left.
You didn't know any spells.
Your spell library contained the following spells:

 Spells                   Type           Power      Damage    Failure   Level
 Ozocubu's Armour         Ice            0%         N/A       100%        3
 Summon Guardian Golem    Hex/Summ       0%         N/A       100%        3
 Orb of Destruction       Conj           0%         9d5       100%        7
 Ozocubu's Refrigeration  Ice            0%         4d7       100%        7
 Spellforged Servitor     Conj/Summ      0%         N/A       100%        7


Dungeon Overview and Level Annotations

Branches:
Dungeon (4/15)            Ossuary (1/1)
 Temple: D:4-7

Altars:
Makhleb

Shops:
D:1 :


Innate Abilities, Weirdness & Mutations

You have a pair of horns on your head.
You reflexively headbutt those who attack you in melee.


Message History

You shoot an arrow.
The arrow hits the mummy but does no damage.
The hobgoblin zombie hits you.
The elf zombie hits you but does no damage.
The mummy closely misses you. The mummy completely misses you.
The mummy barely misses you. The gnoll zombie barely misses you.
The hobgoblin zombie hits you but does no damage.
The gnoll zombie hits you but does no damage.
The hobgoblin zombie hits you.
The elf zombie hits you but does no damage.
You shoot an arrow.
The arrow hits the mummy but does no damage.
The gnoll zombie hits you but does no damage.
The mummy barely misses you. You furiously retaliate!
You headbutt the mummy, but do no damage.
The hobgoblin zombie hits you. The mummy completely misses you.
The gnoll zombie closely misses you. You furiously retaliate!
You headbutt the gnoll zombie. The mummy hits you!
The hobgoblin zombie barely misses you. The elf zombie hits you.
As you read the scroll of teleportation, it crumbles to dust.
You feel strangely unstable.
The gnoll zombie hits you but does no damage.
The hobgoblin zombie closely misses you.
You furiously retaliate!
You headbutt the hobgoblin zombie.
The gnoll zombie hits you but does no damage.
The mummy closely misses you. The mummy hits you!
* * * LOW HITPOINT WARNING * * *
It was a potion of brilliance.
You feel clever all of a sudden.
The hobgoblin zombie hits you but does no damage.
The elf zombie barely misses you. The mummy hits you!
* * * LOW HITPOINT WARNING * * *
The gnoll zombie barely misses you.
The hobgoblin zombie hits you but does no damage.
You feel better.
The gnoll zombie hits you but does no damage.
The elf zombie barely misses you.
The hobgoblin zombie hits you but does no damage.
The mummy hits you but does no damage. The mummy hits you!
You die...

...............
...............
...............
...............
...............
.......Z.......
.....ZZZZ......
.....ZM@M......
......ZMZ......
...............
...............
...............
...............
...............
...............


You could see 3 mummies, a rat zombie (weak-willed), a goblin zombie
(weak-willed), 2 hobgoblin zombies, 2 gnoll zombies, an orc zombie (weak-willed)
and an elf zombie (weak-willed).

Vanquished Creatures
  A scorpion (D:3)
  An orc priest (D:3)
  A jelly (D:4)
  Jessica (D:3)
  Terence (D:2)
  A hound zombie (Ossuary)
  3 gnolls (D:3)
  3 adders (D:2)
  An adder zombie (Ossuary)
  3 dart slugs
  4 orcs
  8 ball pythons
  2 bats
  4 endoplasms
  3 giant cockroaches
  11 goblins
  3 hobgoblins
  4 kobolds
  2 quokkas
  5 frilled lizards
  A jackal zombie (Ossuary)
  An orc zombie (Ossuary)
  2 rats
66 creatures vanquished.

Notes
Turn   | Place    | Note
-------+----------+-------------------------------------------
     0 | D:1      | Lobster4 the Minotaur Hunter began the quest for the Orb.
     0 | D:1      | Reached XP level 1. HP: 18/18 MP: 0/0
    40 | D:1      | Found a faded altar of an unknown god.
    61 | D:1      | Reached skill level 1 in Stealth
   116 | D:1      | Reached XP level 2. HP: 25/25 MP: 1/1
   231 | D:1      | Found Xowuseji's Book Shop.
   240 | D:1      | Reached skill level 1 in Armour
   639 | D:2      | Found a burning altar of Makhleb.
   684 | D:2      | Noticed Terence
   695 | D:2      | Killed Terence
   696 | D:2      | Reached skill level 1 in Short Blades
   696 | D:2      | Reached XP level 3. HP: 18/31 MP: 2/2
   977 | D:2      | Reached XP level 4. HP: 38/38 MP: 3/3
  1762 | D:3      | Noticed a scorpion
  2291 | D:3      | Reached skill level 5 in Ranged Weapons
  2291 | D:3      | Reached XP level 5. HP: 23/46 MP: 4/4
  2291 | D:3      | Noticed Jessica
  2306 | D:3      | Killed Jessica
  3031 | D:4      | Reached XP level 6. HP: 52/52 MP: 5/5
  3150 | D:4      | Found a sand-covered staircase.
  3155 | Ossuary  | Entered an ossuary
  3175 | Ossuary  | Slain by a mummy

Illustrated notes

Levels and vault maps discovered:
D:1:      lightli_iron_boxes, layout_basic, serial_shops,
          nicolae_shop_window_shopping,
          shapermc_ecumenical_altar_mp_ritualfount, dk_noncrumbling_2
D:2:      layout_basic, basic_altar, uniq_terence
D:3:      layout_basic, grunt_ministairs_6, uniq_jessica
D:4:      layout_cave_pools, enter_ossuary_2, uniq_crazy_yiuf_cottage,
          uniq_eustachio
Ossuary:  ossuary_minmay_tomb_2a

Skill      XL: |  1  2  3  4  5 |
---------------+----------------+-----
Stealth        | 1 |  1.0
Armour         | 1 2 3 |  3.2
Fighting       | 3 4 |  4.2
Short Blades   | 1 2 |  2.0
Dodging        | 3 |  3.8
Ranged Weapons | 5 |  5.4

Action                     |  1- 3 |  4- 6 || total
---------------------------+-------+-------++-------
   Fire: Shortbow          |    62 |   100 ||   162
  Throw: Dart              |     6 |       ||     6
    Use: Scroll            |       |    10 ||    10
         Potion            |       |     4 ||     4
 Armour: Leather armour    |     1 |       ||     1
         Robe              |     2 |       ||     2
         Scale mail        |     7 |    61 ||    68
  Dodge: Dodged            |     8 |    78 ||    86

Table legend: (Time is in decaauts)
 A = Elapsed time spent in this place.
 B = Non-inter-level travel time spent in this place.
 C = Inter-level travel time spent in this place.
 D = Time resting spent in this place.
 E = Time spent auto-exploring this place.
 F = Levels seen in this place.
 G = Mean time per level.
                   A        B        C        D        E       F      G
               +--------+--------+--------+--------+--------+-----+--------+
         Total |   3247 |   3073 |    174 |    270 |   2290 |   5 |  649.4 |
       Dungeon |   3222 |   3048 |    174 |    270 |   2290 |   4 |  805.5 |
       Ossuary |     25 |     25 |      0 |      0 |      0 |   1 |   25.0 |
               +--------+--------+--------+--------+--------+-----+--------+

Top non-repeatable levels by time:
     D:2: 1313 daAuts
     D:3: 1132 daAuts
     D:1: 637 daAuts
     D:4: 139 daAuts
 Ossuary: 25 daAuts
